Cogmind - Beta 12 --- EXPLORER MODE // 2023.12.05 @ 00:58:01 // Winter2019/RPGLIKE Player: TheAnchor Result: Destroyed by DAS Turret with DAS Cannon Performance ------------- Evolutions (0) 0 Regions Visited (3) 600 Robots Destroyed (40) 200 Value Destroyed (683) 683 Prototype IDs (3) 60 Alien Tech Used (0) 0 Bonus (0) 0 TOTAL SCORE: 1543 Bonus ------- None Cogmind --------- Core Integrity 0/650 Matter 320/350 Energy 310/310 System Corruption 1% Temperature Cool (0) Movement Treading (160) Location -10/Exiles Parts ------- > --- POWER (2) -------- Light Nuclear Core Light Angular Momentum Engine > --- PROPULSION (2) --- Light Treads Light Treads > --- UTILITY (3) ------ Experimental Targeting Computer Advanced Weapon Cycler AS-neutralizer No. 17b > --- WEAPON (2) ------- Beamcaster Makeshift Spear > --- INVENTORY (2) ---- EM Pulse Gun Particle Gun Peak State ------------ > --- POWER ------------ Light Nuclear Core Light Angular Momentum Engine > --- PROPULSION ------- Light Treads Light Treads > --- UTILITY ---------- Experimental Targeting Computer Advanced Weapon Cycler AS-neutralizer No. 17b > --- WEAPON ----------- Beamcaster Makeshift Spear > --- INVENTORY -------- EM Pulse Gun Particle Gun [Rating: 38] Favorites ----------- Power Light Nuclear Core Engine Light Angular Momentum Engine Power Core Light Nuclear Core Propulsion Light Treads Treads Light Treads Leg Aluminum Leg Utility ECM Suite Device ECM Suite Processor Signal Interpreter Weapon Light Assault Rifle Energy Gun Particle Gun Ballistic Gun Light Assault Rifle Piercing Weapon Makeshift Spear Build | -11 -10 -10 -10 ------- Run | Jun Mat Min Exi Slots Evolved 5 | 3 . 2 . Power 1 | . . 1 . Propulsion 1 | 1 . . . Utility 2 | 1 . 1 . Weapon 1 | 1 . . . Parts Attached 30 | 9 11 6 4 Power 7 | 1 4 2 . Engine 4 | 1 2 1 . Core 3 | . 2 1 . Reactor . | . . . . Propulsion 4 | 2 2 . . Treads 2 | . 2 . . Leg 2 | 2 . . . Wheel . | . . . . Hover . | . . . . Flight . | . . . . Utility 8 | 2 . 2 4 Device 6 | 2 . 1 3 Storage . | . . . . Processor 2 | . . 1 1 Hackware . | . . . . Protection . | . . . . Artifact . | . . . . Weapon 11 | 4 5 2 . Energy Gun 5 | 1 3 1 . Energy Cannon . | . . . . Ballistic Gun 5 | 3 2 . . Ballistic Cannon . | . . . . Launcher . | . . . . Special Weapon . | . . . . Impact Weapon . | . . . . Slashing Weapon . | . . . . Piercing Weapon 1 | . . 1 . Special Melee Weapon . | . . . . Unidentified Prototypes 3 | . . . 3 Parts Lost . | . . . . Power . | . . . . Propulsion . | . . . . Utility . | . . . . Weapon . | . . . . Highest Loss Streak . | . . . . To Critical Strikes . | . . . . Average Slot Usage (%) 99 | . 99 99 100 Engine 6 | . 3 9 11 Core 10 | . 10 11 11 Treads 20 | . 18 23 22 Leg 4 | . 9 . . Device 25 | . 28 23 21 Processor 5 | . . 9 11 Energy Gun 11 | . 10 12 11 Ballistic Gun 9 | . 17 2 . Piercing Weapon 4 | . . 7 11 Naked Turns . | . . . . Heaviest Build 28 | 8 13 25 28 Greatest Support 45 | 25 45 45 45 Greatest Overweight (x) . | . . . . Average Overweight (x) . | . . . . Largest Inventory Capacity 2 | 2 2 2 2 Average Capacity 1 | 1 2 2 2 Most Carried 2 | 2 2 2 2 Average Carried 1 | 1 1 1 2 Final Capacity 2 | 2 2 2 2 Final Carried 2 | 2 2 2 2 Class Distribution -------------------- 96% | Hacker-Mutant 3% | Scavenger-Mutant Dominant Class ---------------- Hacker-Mutant | -10/Materials Hacker-Mutant | -10/Mines Hacker-Mutant | -10/Exiles Resources | -11 -10 -10 -10 ----------- Run | Jun Mat Min Exi Matter Collected 751 | 314 314 108 15 Remotely . | . . . . Salvage Created 1459 | 69 519 583 288 Parts 90 | 10 34 35 11 Haulers Intercepted 2 | . 2 . . Recyclers Shooed 1 | . . 1 . Parts Field Recycled . | . . . . Retrieved Matter . | . . . . Parts Self-Destructed . | . . . . Prevented . | . . . . Kills | -11 -10 -10 -10 ------- Run | Jun Mat Min Exi Combat Hostiles Destroyed 25 | 1 8 8 8 Melee 7 | . . 3 4 Guns 18 | 1 8 5 4 Classes Destroyed 9 | 3 4 1 1 Worker 5 | 1 3 1 . Builder 1 | . 1 . . Tunneler 7 | 2 . 5 . Hauler 2 | . 2 . . Recycler 4 | . . 4 . Watcher 3 | . 3 . . Swarmer 4 | . 2 2 . Grunt 13 | 1 6 6 . Assembled 7 | . . . 7 Best Kill Streak 7 | 2 5 3 7 Combat Bots Only 7 | 1 4 2 7 Max Kills in Single Turn 2 | 1 2 1 1 Gunslinging 1 | . 1 . . Exploded . | . . . . Melee 1 | . . 1 1 Uniques/NPCs Destroyed 1 | . . . 1 8R-AWN (-10/Exiles) Combat | -11 -10 -10 -10 -------- Run | Jun Mat Min Exi Damage Taken 1233 | 19 153 161 900 Core 988 | 15 120 130 723 Absorbed by Shields . | . . . . Redirected to Core 742 | 8 96 85 553 Regen/Repaired (Parts) 32 | . 32 . . Core Remaining (%) 97 | 97 . . . Volleys Fired 125 | 18 47 22 38 Largest 2 | 2 2 2 1 Hottest 140 | 40 85 140 75 Shots Fired 202 | 36 90 37 39 Gun 202 | 36 90 37 39 Cannon . | . . . . Launcher . | . . . . Special . | . . . . Kinetic 112 | 36 70 6 . Thermal 90 | . 20 31 39 Explosive . | . . . . Electromagnetic . | . . . . Robot Hit Streak 45 | 23 29 36 45 Robot Miss Streak 1 | . 1 . 1 Penetration Max . | . . . . Secondary Targets 2 | . 1 1 . Max Gunslinging Chain 1 | . 1 1 . Shots Hit Robots 187 | 23 70 39 55 Core Hits 69 | 8 28 17 16 Critical Kills . | . . . . Critical Parts Destroyed . | . . . . Critical Strikes 8 | . 1 4 3 Burn 3 | . 1 1 1 Impale 5 | . . 3 2 Melee Attacks 44 | . . 14 30 Impact . | . . . . Slashing . | . . . . Piercing 44 | . . 14 30 Sneak Attacks 7 | . . 7 . Combat Hostiles . | . . . . Follow-up Attacks . | . . . . Damage Inflicted 3389 | 186 841 979 1383 Guns 2017 | 186 840 442 549 Cannons . | . . . . Explosions . | . . . . Melee 1371 | . . 537 834 Ramming 1 | . 1 . . Kinetic 772 | 186 553 33 . Thermal 1245 | . 287 409 549 Explosive . | . . . . Electromagnetic . | . . . . Impact . | . . . . Slashing . | . . . . Piercing 1371 | . . 537 834 Highest Corruption 1 | . 1 1 1 Average Corruption 1 | . 1 1 1 Corruption Purged . | . . . . Corruption Blocked . | . . . . Effects 13 | . 1 9 3 Message Errors 3 | . 1 2 . Matter Fused 5 | . . 4 1 Heat Flow Errors 1 | . . . 1 Energy Discharges 1 | . . 1 . Data Loss (minor) 2 | . . 2 . Misfires 1 | . . . 1 Overload Shots . | . . . . Overflow Damage 61 | . . 61 . Projectiles . | . . . . Explosions . | . . . . Melee 61 | . . 61 . Knockbacks . | . . . . Impact . | . . . . Kinetic . | . . . . Secondary . | . . . . Self-Inflicted Damage . | . . . . Shots . | . . . . Rammed 1 | . 1 . . Targets Rammed 1 | . 1 . . Kicked . | . . . . Crushed . | . . . . Highest Temperature 318 | . 4 276 318 Average Temperature 98 | . 3 85 107 Received Heat Transfer 264 | 18 132 114 . Effects 3 | . . . 3 Interference 3 | . . . 3 Siege Activations . | . . . . Robots Corrupted . | . . . . Combat Hostiles . | . . . . Parts Fried . | . . . . Impact Corruptions . | . . . . Robots Melted . | . . . . Combat Hostiles . | . . . . Parts Melted 3 | . . 3 . Heat Transferred 2113 | . 740 925 448 Parts Sabotaged . | . . . . Parts Stolen . | . . . . Parts Stripped . | . . . . Power Chain Reactions . | . . . . Missiles Intercepted . | . . . . Alert | -11 -10 -10 -10 ------- Run | Jun Mat Min Exi Peak Influence 182 | 35 182 130 . Initial 2 | . . 2 . Average 35 | 12 41 41 . Maximum Alert Level . | . . . . Low Security (%) 100 | 100 100 100 . Level 1 . | . . . . Level 2 . | . . . . Level 3 . | . . . . Level 4 . | . . . . Level 5 . | . . . . High Security . | . . . . Max Security . | . . . . Squads Dispatched . | . . . . Investigation . | . . . . Extermination . | . . . . Reinforcement . | . . . . Assault . | . . . . Garrison . | . . . . Intercept . | . . . . Searches Triggered . | . . . . Construction Impeded . | . . . . Haulers Reinforced . | . . . . Active Scanning Responses . | . . . . Cargo Convoy Interrupts . | . . . . Stealth | -11 -10 -10 -10 --------- Run | Jun Mat Min Exi Distress Signals 2 | . 1 1 . Communications Jammed . | . . . . Distress Signals . | . . . . Times Spotted 36 | 1 14 11 10 Peak Tracking Total 10 | 1 3 3 10 Tactical Retreats 6 | . 1 2 3 Traps | -11 -10 -10 -10 ------- Run | Jun Mat Min Exi Traps Triggered 2 | . 2 . . Indirectly . | . . . . Trap Hack Attempts . | . . . . Triggered . | . . . . Disarmed . | . . . . Reprogrammed 4 | . 4 . . Reused . | . . . . Traps Extracted . | . . . . Installed . | . . . . Triggered . | . . . . Machines | -11 -10 -10 -10 ---------- Run | Jun Mat Min Exi Machines Disabled 1 | . . . 1 Max in Single Turn 1 | . . . 1 Machines Repaired . | . . . . Machines Sabotaged . | . . . . Overloaded Fab Kills . | . . . . Hacking | -11 -10 -10 -10 --------- Run | Jun Mat Min Exi Machines Accessed 9 | . 8 1 . Terminals 7 | . 6 1 . Fabricators . | . . . . Repair Stations 1 | . 1 . . Recycling Units 1 | . 1 . . Scanalyzers . | . . . . Garrison Access . | . . . . Total Hacks 35 | . 34 1 . Successful 29 | . 28 1 . Failed 6 | . 6 . . Catastrophic 1 | . 1 . . Database Lockouts . | . . . . Manual . | . . . . Terminals 29 | . 28 1 . Fabricators . | . . . . Repair Stations 4 | . 4 . . Recycling Units 2 | . 2 . . Scanalyzers . | . . . . Garrison Access . | . . . . Terminal Hacks 23 | . 22 1 . Record 6 | . 6 . . Emergency Access Points 2 | . 2 . . Alert Level 3 | . 3 . . Locate Traps 2 | . 2 . . Reprogram Traps 2 | . 2 . . Dispatch Records 2 | . 2 . . Investigation Status 1 | . . 1 . Recall Reinforcements 1 | . 1 . . Hauler Manifests 1 | . 1 . . Registered Components 1 | . 1 . . Zone Layout 2 | . 2 . . Fabricator Hacks . | . . . . Repair Station Hacks 4 | . 4 . . Scan Component 2 | . 2 . . Repair 2 | . 2 . . Recycling Unit Hacks 2 | . 2 . . Process 1 | . 1 . . Report Inventory 1 | . 1 . . Scanalyzer . | . . . . Garrison Access Hacks . | . . . . Unauthorized Hacks . | . . . . Terminals . | . . . . Fabricators . | . . . . Repair Stations . | . . . . Recycling Units . | . . . . Scanalyzers . | . . . . Garrison Access . | . . . . Data Cores Recovered . | . . . . Used . | . . . . Hacking Detections 6 | . 5 1 . Full Trace Events 1 | . 1 . . Feedback Events . | . . . . Feedback Blocked . | . . . . Robot Schematics Acquired . | . . . . Robots Built . | . . . . Authchips . | . . . . Time . | . . . . Total Robot Build Rating . | . . . . Part Schematics Acquired . | . . . . Parts Built . | . . . . Authchips . | . . . . Time . | . . . . Total Part Build Rating . | . . . . Parts Repaired 2 | . 2 . . Time 70 | . 70 . . Parts Recycled . | . . . . Recycled Matter 185 | . 185 . . Retrieved Matter . | . . . . Retrieved Components . | . . . . Parts Scanalyzed . | . . . . Part Schematics Acquired . | . . . . Parts Damaged . | . . . . Bothacking | -11 -10 -10 -10 ------------ Run | Jun Mat Min Exi Used RIF Installer . | . . . . Robots Hacked . | . . . . Non-combat . | . . . . Combat . | . . . . Robot Hacks Applied . | . . . . Relay Couplers Released . | . . . . Fabnet Peak Effective % . | . . . . Robots Rewired . | . . . . Allies Hacked . | . . . . Hacks Repelled . | . . . . Allies | -11 -10 -10 -10 -------- Run | Jun Mat Min Exi Total Allies 1 | . . 1 . Largest Group 1 | . . 1 . Highest-Rated Group 31 | . . 31 . Highest-Rated Ally 31 | . . 31 . Total Orders . | . . . . Ally Attacks 5 | . . 5 . Total Damage 83 | . . 83 . Kills . | . . . . Allies Corrupted . | . . . . Allies Melted . | . . . . Intel | -11 -10 -10 -10 ------- Run | Jun Mat Min Exi Robot Analysis Total . | . . . . Derelict Logs Recovered . | . . . . Drone Launches . | . . . . Drone Recoveries . | . . . . Exploration | -11 -10 -10 -10 ------------- Run | Jun Mat Min Exi Turns Passed 4015 | 723 1589 1250 453 Spaces Moved 2166 | 280 986 711 189 Core 39 | 39 . . . Treads 1526 | . 626 711 189 Legs 601 | 241 360 . . Wheels . | . . . . Hover . | . . . . Flight . | . . . . Fastest Speed 50 | 50 120 160 160 Average Speed 146 | 110 145 160 160 Slowest Speed 160 | 120 160 160 160 Overloaded Moves . | . . . . Propulsion Burnouts . | . . . . Robots Hopped . | . . . . Cave-ins Triggered . | . . . . Exploration Rate (%) 57 | 16 91 91 33 Regions Visited 3 Branch Regions 2 Pre-discovered Areas . | . . . . Known Exits Taken 3 | 1 1 1 . Unknown Exits Taken . | . . . . Scrap Searched 1 | . . 1 . Spaces Dug . | . . . . Terrain Destroyed . | . . . . Melee . | . . . . Projectile . | . . . . AOE . | . . . . Terrain Rammed . | . . . . Walls Destroyed . | . . . . Machines Disabled . | . . . . Actions | -11 -10 -10 -10 --------- Run | Jun Mat Min Exi Total 2762 | 663 1059 770 270 Wait 347 | 347 . . . Move 2163 | 279 985 710 189 Hop . | . . . . Pick Up 14 | 7 4 3 . Fast Attach 18 | 5 8 1 4 Attach 4 | 2 . 2 . Detach . | . . . . Swap 8 | 2 3 3 . Drop 21 | 3 11 3 4 Fire 125 | 18 47 22 38 Melee 44 | . . 14 30 Ram . | . . . . Kick . | . . . . Crush 1 | . 1 . . Escape Stasis . | . . . . Rewire . | . . . . Trap . | . . . . Miscellaneous 17 | . . 12 5 Route ------- -11/Junkyard -10/Materials (discovered 5 exits: *Mat x3 / *Min x2) -10/Mines (discovered 3 exits: *Mat x2 / *Exi) -10/Exiles (discovered 1 exit: *Min) History --------- Turn | Location | Event 2 | -11/Junkyard | Met Revision 17 13 | -11/Junkyard | Upgraded with Propulsion slot (x1) 13 | -11/Junkyard | Upgraded with Utility slot (x1) 13 | -11/Junkyard | Upgraded with Weapon slot (x1) 130 | -11/Junkyard | Identified exit to Materials 130 | -11/Junkyard | Discovered exit to Materials (range 8) 724 | -11/Junkyard | Entered Materials 725 | -10/Materials | Build established: Hacker-Mutant 1046 | -10/Materials | Identified exit to Materials 1046 | -10/Materials | Discovered exit to Materials (range 12) 1155 | -10/Materials | Identified exit to Mines 1155 | -10/Materials | Discovered exit to Mines (range 17) 1178 | -10/Materials | Discovered exit to Mines (range 17) 1378 | -10/Materials | Discovered exit to Materials (range 13) 1486 | -10/Materials | Repaired Particle Gun 1890 | -10/Materials | Discovered exit to Materials (range 16) 2236 | -10/Materials | Repaired Lgt. Nuclear Core 2313 | -10/Materials | Entered Mines 2315 | -10/Mines | Reached level 2 2332 | -10/Mines | Received a Mining Laser from a helpful Derelict 2526 | -10/Mines | Upgraded with Power slot (x1) 2526 | -10/Mines | Upgraded with Utility slot (x1) 2674 | -10/Mines | A weapon hastily lodged in a ceiling crevice suddenly fell to the ground 3172 | -10/Mines | Discovered exit to Materials (range 10) 3182 | -10/Mines | Discovered exit to Materials (range 14) 3215 | -10/Mines | Deemed a non-threat by the Exiles lab entrance 3215 | -10/Mines | Identified exit to Exiles 3215 | -10/Mines | Discovered exit to Exiles (range 5) 3563 | -10/Mines | Entered Exiles 3657 | -10/Exiles | Identified exit to Mines 3657 | -10/Exiles | Discovered exit to Mines (range 15) 3713 | -10/Exiles | Met 8R-AWN 3739 | -10/Exiles | Met EX-HEX 3805 | -10/Exiles | Attacked by the Exiles 3861 | -10/Exiles | Destroyed 7 combat bots 3883 | -10/Exiles | Core integrity fell below 50% 3975 | -10/Exiles | Core integrity fell below 20% 3981 | -10/Exiles | Destroyed 8R-AWN 3985 | -10/Exiles | Found Prototype Processor 3985 | -10/Exiles | Identified Exp. Targeting Computer 4001 | -10/Exiles | Found Prototype Device 4001 | -10/Exiles | Identified AS-neutralizer No. 17b 4016 | -10/Exiles | Destroyed by DAS Turret with DAS Cannon Last Messages --------------- 03957_ HV Slug penetrates Components. 03957_ HV Slug penetrates Wall. 03961_ Penetrated by HV Slug. 03970_ HV Slug penetrates Wall. 03970_ Penetrated by HV Slug. 03978_ HV Slug penetrates Wall. 03981_ 8R-AWN destroyed. 03985_ Dropped ECM Suite. 03985_ Acquired Prototype Processor. 03985_ Identified Exp. Targeting Computer. 03987_ Acquired 10 matter. 03993_ Dropped Imp. Terrain Scanner. 03994_ Acquired Prototype Device. 03994_ Identified Exp. Heat Sink. 03995_ Dropped Exp. Heat Sink. 03997_ Acquired Adv. Weapon Cycler. 04000_ Discarded Signal Interpreter. 04001_ Acquired Prototype Device. 04001_ Identified AS-neutralizer No. 17b. 04005_ System corrupted: Heat flow error (+208). Map ----- +----------------------------------------------------+ | ?????????????????????????????????????????????????? | | ?????????????????????????????????????????????????? | | ?????????????????????????????????????????????????? | | ?????????????????????????????????????????????????? | | ?????????????????????????????????????????????????? | | ?????????????????????????????????????????????????? | | ????????????????????????????????????????????#?#??? | | ?????????????????????????????????????####""""""""" | | ??????????????????????????????? ??? " """ """ | | ?????????????????????????? ??? ? "" " | | ????????????????????????? ? ? " " | | ????????????????????????? ? " | | ?????????????????????? ? ? ?? " | | ?????????????? ?????? ?? | | ????????????? ???? ??? ""?"?" | | ????????????? ?? ? ######""" | | ???????????? ? ? ""###########""" | | ???????????? """#############""" | | ??????????? "?"##############"""" | | ??????????? ""##############"" | | ??????????? ##############"""" | | ?????????? ##a%a####""" | | ?????????? = " "" | | ????????? % | | ?????????" | | ????????? @ % ! " | | ????????? " != "" """ | | ??????????" ""#[%%!#" " " " ""#" | | ?????????? ""###=%%####"#""" """##""" | | ?????????? """"### #%%########""""###### | | ??????????? """## "#% ###############?## | | ??????????? ""#####!%%%"!############### | | ??????????? """###### ! !##############? | | ???????????? ####### "#############?# | | ????????????"" #######"!! "!"##############? | | ????????????? ? ##########"################?# | | ???????????????? ########### ###############??? | | ?????????????????? ########### ################?? | | ?????????????????? ########### ###############??? | | ?????????????????? ########### ##############???? | | ????????????????? ? ########### #############????? | | ????????????????????########### ######?#####?????? | | ????????????????????######?#### ?########????????? | | ?????????????????????##?####### ?########????????? | | ??????????????????????######### ##?###???#???????? | | ???????????????????????#?###### ######?##????????? | | ????????????????????????#?#???# ?????#???????????? | | ????????????????????????????###?#????????????????? | | ??????????????????????????????"""????????????????? | | ?????????????????????????????????????????????????? | +----------------------------------------------------+ Best States ------------- Heat Dissipation 37 Energy Generation 32 Energy Capacity 350 Matter Stores 350 Matter Capacity 350 Sight Range 17 Robot Scan Range 4 Terrain Scan Range 16 Terrain Scan Density 210 ECM Strength 1 Resistance: KI 35 Resistance: TH 35 Resistance: EX 35 Resistance: EM 35 Resistance: I 35 Resistance: S 35 Resistance: P 35 Weapon Cycling 25 Evasion (%) 55 Targeting Accuracy 12 Recoil Reduction 2 Offensive Hacking 20 Defensive Hacking 5 Item Schematics ----------------- None Robot Schematics ------------------ None Fabricated ------------ Nothing Alien Tech Used ----------------- None Achievements -------------- Omniscient Cartographer Shopping List Challenges ------------ None RPGLIKE | -11 -10 -10 -10 --------- Run | Jun Mat Min Exi Levels Raised 1 | . . 1 . XP Earned 8955 | 6100 1155 1500 200 XP Spent 7485 | 5985 . 1500 . Upgrades 25 | 22 . 3 . Power Slot 1 | . . 1 . Propulsion Slot 1 | 1 . . . Utility Slot 2 | 1 . 1 . Weapon Slot 1 | 1 . . . Core Integrity 1 | 1 . . . Heat Dissipation 2 | 2 . . . Energy Generation 1 | 1 . . . Energy Storage 2 | 2 . . . Matter Storage 1 | 1 . . . Mass Support 1 | 1 . . . Inventory Capacity 2 | 2 . . . Sight Range 1 | 1 . . . Sensor Range 2 | 2 . . . Terrain Scan Density 2 | 2 . . . Ranged Accuracy 4 | 4 . . . Hack Defense % 1 | . . 1 . Protomatter Created 305 | 32 96 130 47 Integrity Restored 336 | . . 249 87 Core 336 | . . 249 87 Protomatter Decayed 233 | 32 96 87 18 Game ------ Seed CouplerGhostPit Manual? 0 Play Time 00:44:59 Cumulative 9.9 hours Start 2023.12.05 @ 00:08:46 End 2023.12.05 @ 00:58:01 Sessions 1 Manual Loads 0 Difficulty Explorer Special Mode Winter2019/RPGLIKE Game No. 14 Rogue 7 Adventurer 3 Explorer 4 Win Type - Total 0 Types 0/0/0/0/0/0/0/0/0 Lore% 5 Gallery% 18 Achievement% 21 Wizard Run 0 Options --------- ASCII 0 Keyboard 0 Movement Arrows Keybinds 0 Fullscreen 1 Font 18/TerminusBold Map View 76x50 Tactical HUD 1 Map Filters NONE Filters NONE Steam 1 RUN: 44ce51ec-195c-400d-95fb-fe7d2c5570a4